 Dungeon Crawl Stone Soup version 0.31-a0-618-g7ca08c1ff9 (webtiles) character file.

Game seed: 2662763084873361304

172 Sanktem7 the Trooper (level 5, -3/41 (47) HPs)
             Began as a Minotaur Fighter on Aug 22, 2023.
             Slain by a wight
             ... wielding a +2 heavy great sword
              (30 damage)
             ... on level 2 of the Dungeon.
             The game lasted 00:03:32 (2623 turns).

Sanktem7 the Trooper (Minotaur Fighter)             Turns: 2623, Time: 00:03:33

HP:   -3/41 (47)    AC: 11    Str: 22    XL:     5   Next: 27%
MP:   13/13         EV:  6    Int:  5    God:
Gold: 127           SH:  4    Dex: 10    Spells: 4/4 levels left

rFire   . . .        a - +0 war axe {axe}
rCold   . . .        c - +0 buckler
rNeg    . . .        y - +0 plate armour
rPois   .            (helmet currently unavailable)
rElec   .            (cloak currently unavailable)
rCorr   .            (gloves currently unavailable)
SInv    .            (boots currently unavailable)
Will    .....        (no amulet) Stlth
                     r - ring of magical power
HPRegen 0.26/turn    (no ring)
MPRegen 0.13/turn

%: no passive effects
@: beast-form, heavily drained
A: beast (slay +0), horns 2, retaliatory headbutt
a: Begin Untransformation


You were on level 2 of the Dungeon.
You were a hulking beast.
You visited 1 branch of the dungeon, and saw 3 of its levels.

You collected 127 gold pieces.


Innate Abilities, Weirdness & Mutations

You are a hulking beast.
Your limbs bulge with bestial killing power. (Slay +0)
You have a pair of horns on your head.
You reflexively headbutt those who attack you in melee.


   Skills:
 + Level 4.4 Fighting
 * Level 4.3 Axes
 + Level 1.3 Throwing
 + Level 4.3 Armour
 + Level 4.3 Shields
 + Level 0.8 Shapeshifting


You had 4 spell levels left.
You didn't know any spells.
Your spell library contained the following spells:

 Spells                   Type           Power      Damage    Failure   Level
 Summon Guardian Golem    Hex/Summ       0%         N/A       100%        3
 Orb of Destruction       Conj           0%         9d5       100%        7
 Spellforged Servitor     Conj/Summ      0%         N/A       100%        7

Inventory:

Hand Weapons
 a - a +0 war axe (weapon) {axe}
 i - a +2 dagger of venom {short}
   (You took it off a goblin on level 3 of the Dungeon)
Missiles
 e - 21 stones {throwing}
Armour
 b - a +0 scale mail
 c - a +0 buckler (worn)
 y - a +0 plate armour (worn)
   (You found it on level 3 of the Dungeon)
Jewellery
 r - a ring of magical power (left hand)
   (You found it on level 2 of the Dungeon)
Talismans
 m - a beast talisman (active)
   (You found it on level 1 of the Dungeon)
Scrolls
 f - 2 scrolls of immolation {unknown}
 k - a scroll of enchant weapon {unknown}
 n - a scroll of poison {unknown}
 q - 2 scrolls of teleportation {unknown}
 u - a scroll of amnesia {unknown}
 v - a scroll of brand weapon {unknown}
 w - 2 scrolls of blinking {unknown}
 x - a scroll of identify {unknown}
Potions
 d - a potion of might
 g - a potion of invisibility {unknown}
 h - a potion of ambrosia {unknown}
 j - a potion of lignification {unknown}
 l - a potion of degeneration {unknown}
 p - 3 potions of curing {unknown}
 s - 2 potions of heal wounds {unknown}
 t - a potion of brilliance {unknown}

Dungeon Overview and Level Annotations

Branches:
Dungeon (3/15) Zot: 15328

Altars:

#...)..# ### #......# ##.##
#.##.#.. #######...##
###.##.... #..........#
##.#.####.#
#.####.....###.#..####.# #.#
#.......#.###......#
##.###.z.........##)#####
###.#.##..hz..........#
#..###.##..[..#.......#
#.#.#.####...##..#.##.#
###.##.###......#..#.##.#
#.......##...........##.# ##
#.#.###.##......#..#.##.####.
#.#†###.##.........>.........
#.#..##.##......##.#.#.#####.
#.##.##.##..............#####


You could see 2 wights.


Message History

An adder is nearby!
You closely miss the adder. Your headbutt misses the adder.
The adder bites you but does no damage. The adder barely misses you.
You miss the adder. The adder bites you but does no damage.
You hit the adder. Your headbutt misses the adder. The adder barely misses you.
The adder bites you but does no damage.
You slash the adder!
You kill the adder!
No target in view!
No target in view!
No target in view!
No target in view!
Found an escape hatch in the floor.
Key pressed, stopping explore.
Key pressed, stopping explore.
You open the door.
There is an open door here.
Found a stone staircase leading up.
p - 3 inky potions (gained 1) Key pressed, stopping explore.
A wight comes into view. It is wielding a +0 flail.
A wight is nearby!
A wight comes into view. It is wielding a +2 heavy great sword.
The wight moves out of view. 2 wights come into view.
A wight is wielding a +1 spear of distortion.
The wight hits you with a +0 flail.
You feel drained.
The wight hits you with a +2 heavy great sword! 😕 HP[-10]
You now have 39 max hp (-1).
You take 10 damage, and now have 30/39 hp.
MASSIVE DAMAGE!! (PAUSE)
You slash the wight! Your headbutt misses the wight. You hit the wight.
The wight completely misses you.
The wight hits you with a +2 heavy great sword!!
Ouch! That really hurt!
* * * LOW HITPOINT WARNING * * *
You feel drained.
* * * LOW HITPOINT WARNING * * *
😱 HP[-23]
You now have 37 max hp (-2).
You take 23 damage, and now have 7/37 hp.
MASSIVE DAMAGE!! (PAUSE) 😱 HP[+1]
The wight attacks as it pursues you! The wight hits you with a +0 flail.
* * * LOW HITPOINT WARNING * * *
😱 HP[-5]
You take 5 damage, and now have 3/37 hp.
The wight attacks as it pursues you! You block the wight's attack.
The wight attacks as it pursues you! The wight hits you but does no damage.
There is a stone staircase leading up here.
The wight barely misses you.
You climb upwards.
There is a stone staircase leading down here. 😱 HP[+1]
You slash the wight!
You destroy the wight!
Your life force feels restored.
You have reached level 5! 😱 HP[+1] MP[+1]
You now have 47 max hp (+10).
Your mp is fully restored (13).
You start resting. 😎 HP[+42]
Your hp is fully restored (47).
You climb downwards.
You block the wight's attack.
The wight hits you with a +2 heavy great sword.
You feel drained.
The wight hits you with a +0 short sword.
You feel drained.
There is a stone staircase leading up, spattered with blood here. 😕 HP[-6]
You now have 45 max hp (-2).
You take 6 damage, and now have 41/45 hp.
You block the wight's attack.
The wight hits you with a +0 short sword.
You feel drained.
You climb upwards.
There is a stone staircase leading down here. 😕 HP[-4]
You now have 43 max hp (-2).
You take 4 damage, and now have 37/43 hp.
You hit the wight. You closely miss the wight. The wight barely misses you.
The wight hits you with a +2 heavy great sword.
You feel drained. 😕 HP[-4]
You now have 41 max hp (-2).
You take 4 damage, and now have 33/41 hp.
You closely miss the wight. You hit the wight but do no damage.
The wight hits you but does no damage.
The wight hits you with a +2 heavy great sword! 😮 HP[-6]
You take 6 damage, and now have 27/41 hp.
You hit the wight but do no damage. You completely miss the wight.
The wight hits you but does no damage. x2
Unknown command.
You slash the wight! x2
The wight hits you with a +2 heavy great sword!!
Ouch! That really hurt!
You die...

Skill      XL: |  1  2  3  4 |
---------------+-------------+-----
Axes           | 3 4 |  4.3
Fighting       | 4 |  4.4
Armour         | 4 |  4.3
Shields        | 4 |  4.3
Throwing       | 1 |  1.3
Shapeshifting  | |  0.8

Action                     |  1- 3 |  4- 6 || total
---------------------------+-------+-------++-------
  Melee: War axe           |    79 |    47 ||   126
         Headbutt          |    11 |     7 ||    18
 Armour: Scale mail        |    28 |     3 ||    31
         Plate armour      |       |    24 ||    24
  Dodge: Dodged            |    43 |    17 ||    60
  Block: Buckler           |    12 |     7 ||    19
   Form: Beast             |     1 |       ||     1

Levels and vault maps discovered:
D:1:      dpeg_arrival_shrine, layout_basic, minivault_26, minmay_hedge_maze,
          minmay_misc_feat_chi
D:2:      layout_loops_cross, basic_ecumenical_altar, minivault_23,
          minmay_close_crescents
D:3:      layout_basic

Notes
Turn   | Place    | Note
-------+----------+-------------------------------------------
     0 | D:1      | Sanktem7 the Minotaur Fighter began the quest for the Orb.
     0 | D:1      | Reached XP level 1. HP: 19/19 MP: 0/0
     0 | D:1      | magus.rc [v1.9.6]
   111 | D:1      | Reached XP level 2. HP: 27/27 MP: 1/1
   449 | D:1      | Reached skill level 3 in Axes
   909 | D:2      | Reached skill level 4 in Fighting
   909 | D:2      | Reached skill level 4 in Armour
   909 | D:2      | Reached skill level 4 in Shields
   909 | D:2      | Reached XP level 3. HP: 33/33 MP: 2/2
  1079 | D:2      | Identified the +2 short sword of the Scorching Gods
                  | {freeze, rC+++ Will-}
  1104 | D:2      | You pick up a book of Dangerous Friends and begin
                  | reading...
  1104 | D:2      | You add the spells Summon Guardian Golem, Orb of
                  | Destruction and Spellforged Servitor to your library.
  1178 | D:2      | Found a faded altar of an unknown god.
  1512 | D:3      | Reached XP level 4. HP: 19/40 MP: 3/3
  2130 | D:3      | Reached skill level 1 in Throwing
  2156 | D:3      | Reached skill level 4 in Axes
  2454 | D:3      | HP: 7/37 [wight/+2 heavy great sword (3)]
  2456 | D:3      | HP: 3/37 [wight/+0 flail (5)]
  2462 | D:2      | Reached XP level 5. HP: 5/47 MP: 4/4
  2623 | D:2      | Slain by a wight

Vanquished Creatures
  A wight (D:2)
  3 gnolls (D:3)
  4 adders
  A worm (D:3)
  A dart slug (D:1)
  An orc (D:3)
  6 endoplasms
  2 giant cockroaches
  6 goblins
  2 hobgoblins (D:2)
  3 quokkas
  5 ball pythons
  6 bats
  2 frilled lizards
  3 kobolds
  6 rats
52 creatures vanquished.

Table legend:
 A = Non-vault XP
 B = Vault XP
 C = Vault XP percentage of total XP
 D = Non-vault monster count
 E = Vault monster count
 F = Vault count percentage of total count
                 A         B        C        D         E       F
            +---------+---------+-------+---------+---------+-------
      Total |     241 |       5 |   2.0 |      49 |       3 |   5.8
            +---------+---------+-------+---------+---------+-------
        D:1 |      28 |       0 |   0.0 |      17 |       0 |   0.0
        D:2 |     105 |       5 |   4.5 |      15 |       3 |  16.7
        D:3 |     108 |       0 |   0.0 |      17 |       0 |   0.0
            +---------+---------+-------+---------+---------+-------

Skill      XL: |  1  2  3  4 |
---------------+-------------+-----
Axes           | 3 4 |  4.3
Fighting       | 4 |  4.4
Armour         | 4 |  4.3
Shields        | 4 |  4.3
Throwing       | 1 |  1.3
Shapeshifting  | |  0.8

Action                     |  1- 3 |  4- 6 || total
---------------------------+-------+-------++-------
  Melee: War axe           |    79 |    47 ||   126
         Headbutt          |    11 |     7 ||    18
 Armour: Scale mail        |    28 |     3 ||    31
         Plate armour      |       |    24 ||    24
  Dodge: Dodged            |    43 |    17 ||    60
  Block: Buckler           |    12 |     7 ||    19
   Form: Beast             |     1 |       ||     1

Illustrated notes

Table legend:
 A = Kills in this place as a percentage of kills in the entire game.
 B = Kills by you in this place as a percentage of kills by you in the entire game.
 C = Kills by friends in this place as a percentage of kills by friends in the entire game.
 D = Other kills in this place as a percentage of other kills in the entire game.
 E = Experience gained in this place as a percentage of experience gained in the entire game.
 F = Experience gained in this place divided by the number of levels of this place that you have seen.
                   A       B       C       D       E      F
               +-------+-------+-------+-------+-------+----------------------
         Total | 100.0 | 100.0 |   N/A |   N/A | 100.0 |  82.0
       Dungeon | 100.0 | 100.0 |   N/A |   N/A | 100.0 |  82.0
               +-------+-------+-------+-------+-------+----------------------

Table legend: (Time is in decaauts)
 A = Elapsed time spent in this place.
 B = Non-inter-level travel time spent in this place.
 C = Inter-level travel time spent in this place.
 D = Time resting spent in this place.
 E = Time spent auto-exploring this place.
 F = Levels seen in this place.
 G = Mean time per level.
                   A        B        C        D        E       F      G
               +--------+--------+--------+--------+--------+-----+--------+
         Total |   2670 |   2594 |     76 |    154 |   2042 |   3 |  890.0 |
       Dungeon |   2670 |   2594 |     76 |    154 |   2042 |   3 |  890.0 |
               +--------+--------+--------+--------+--------+-----+--------+

Top non-repeatable levels by time:
     D:3: 991 daAuts
     D:1: 901 daAuts
     D:2: 777 daAuts
